Map: Catalyst LE

Players

RaThak

  • Race: Protoss Protoss
  • League: Diamond
  • Spawn Location: 11:00

Dessa - Winner!

  • Race: Zerg Zerg
  • League: Diamond
  • Spawn Location: 5:00

VOD

Have the link to the VOD?

Description

Time

  • Played on: Jan. 15, 2018, 11:36 a.m.
  • Length: 17:44
Show
View Real Time Build Order
Export as new Build Order

RaThak Protoss 

Build Orders: 1 Gate Expand 

Get SALT Encoding   

  12  0:00  Probe  
  13  0:13  Probe  
  14  0:24  Pylon  
  14  0:25  Probe  
  15  0:42  Probe (Chrono Boost)  
  16  0:51  Probe (Chrono Boost)  
  16  0:56  Probe (Chrono Boost)  
  17  0:58  Gateway  
  18  1:08  Probe (Chrono Boost)  
  18  1:10  Pylon  
  19  1:20  Probe (Chrono Boost)  
  19  1:24  Nexus  
  20  1:36  Probe, Assimilator  
  21  1:48  Probe, Cybernetics Core  
  22  1:57  Pylon  
  22  2:00  Probe  
  23  2:15  Probe (Chrono Boost), Zealot  
  26  2:23  Assimilator  
  26  2:27  Probe (Chrono Boost)  
  27  2:33  Warp Gate  
  27  2:34  Probe (Chrono Boost)  
  28  2:38  Probe (Chrono Boost)  
  29  2:46  Pylon  
  29  2:48  Adept (Chrono Boost)  
  31  3:03  Probe x2  
  33  3:11  Sentry  
  35  3:15  Probe (Chrono Boost)  
  35  3:17  Probe (Chrono Boost)  
  36  3:26  Pylon  
  37  3:27  Probe (Chrono Boost)  
  37  3:32  Probe (Chrono Boost)  
  37  3:33  Probe (Chrono Boost), Gateway  
  39  3:39  Probe  
  40  3:42  Probe, Adept  
  43  3:50  Robotics Facility  
  43  3:51  Probe  
  43  3:54  Probe  
  45  3:58  Nexus  
  45  4:03  Probe  
  45  4:06  Probe  
  47  4:15  Probe  
  47  4:23  Probe  
  48  4:26  Pylon  
  48  4:28  Probe  
  49  4:40  Shield Battery  
  49  4:41  Immortal (Chrono Boost)  
  49  4:43  Gateway  
  49  4:44  Gateway  
  53  4:47  Gateway  
  53  4:53  Gateway  
  53  4:55  Pylon  
  53  4:56  Probe x2  
  55  5:06  Assimilator  
  55  5:08  Probe x2  
  55  5:13  Twilight Council  
  57  5:15  Probe  
  57  5:20  Shield Battery, Probe x2  
  60  5:21  Shield Battery  
  60  5:27  Probe  
  61  5:30  Forge  
  61  5:31  Forge  
  61  5:32  Probe  
  61  5:33  Probe  
  63  5:39  Probe  
  63  5:40  Adept x2  
  62  5:44  Probe  
  62  5:45  Probe  
  64  5:51  Probe  
  65  5:58  Immortal  
  65  6:01  Adept x2  
  73  6:04  Stalker  
  73  6:05  Stalker x2  
  73  6:08  Sentry  
  81  6:13  Probe x2  
  81  6:14  Probe  
  84  6:18  Pylon  
  84  6:25  Probe  
  84  6:31  Adept  
  84  6:32  Adept x3  
  85  6:38  Stalker x2  
  89  6:40  Probe x3  
  89  6:44  Warp Prism  
  93  6:49  Gateway x2  
  93  6:55  Assimilator  
  93  7:09  Pylon  
  93  7:10  Gateway  
  93  7:11  Gateway  
  93  7:12  Pylon  
  93  7:13  Pylon  
  93  7:16  Protoss Ground Weapons Level 1 (Chrono Boost), Protoss Ground Armor Level 1 (Chrono Boost)  
  93  7:27  Probe x3, Pylon  
  96  7:32  Photon Cannon  
  96  7:35  Resonating Glaives (Chrono Boost)  
  96  7:39  Probe x2  
  96  7:41  Immortal  
  96  7:43  Probe  
  103  7:46  Assimilator  
  103  7:51  Probe x2  
  103  7:55  Probe  
  106  8:03  Probe x2  
  106  8:05  Photon Cannon  
  108  8:09  Photon Cannon  
  108  8:11  Pylon  
  108  8:19  Adept x5  
  118  8:20  Adept x3  
  124  8:29  Pylon  
  124  8:31  Pylon  
  124  8:33  Nexus, Pylon  
  124  8:34  Pylon  
  124  8:36  Pylon  
  124  8:38  Assimilator, Pylon  
  124  8:41  Stalker x3  
  128  8:43  Sentry  
  132  8:52  Adept  
  132  8:53  Adept x4  
  132  8:54  Adept  
  142  9:17  Immortal  
  136  9:20  Robotics Facility  
  136  9:22  Protoss Ground Weapons Level 2 (Chrono Boost)  
  136  9:28  Stalker x2, Photon Cannon  
  136  9:29  Stalker  
  136  9:30  Photon Cannon  
  142  9:32  Photon Cannon  
  142  9:35  Adept x2  
  142  9:36  Adept  
  142  9:37  Zealot  
  142  9:52  Adept x3  
  136  9:53  Adept x3  
  126  10:05  Stalker x4  
  124  10:12  Pylon  
  124  10:13  Probe  
  124  10:14  Probe x3  
  128  10:21  Protoss Ground Armor Level 2 (Chrono Boost)  
  128  10:23  Immortal  
  128  10:27  Immortal  
  136  10:33  Pylon  
  136  10:37  Probe x3  
  136  10:39  Probe  
  136  10:41  Blink (Chrono Boost)  
  140  10:49  Probe, Pylon  
  141  10:51  Pylon  
  141  10:56  Templar Archives  
  141  11:06  Assimilator  
  141  11:10  Stalker x2  
  141  11:11  Stalker x2, Assimilator  
  149  11:13  Photon Cannon  
  149  11:16  Photon Cannon  
  149  11:18  Photon Cannon  
  149  11:21  Immortal  
  149  11:25  Stalker x3  
  159  11:32  Forge  
  159  11:45  Stalker x5  
  159  11:46  Stalker x2  
  173  11:59  Stalker x3  
  127  12:11  Adept x5  
  127  12:12  Adept x2  
  97  12:32  Photon Cannon  
  97  12:34  Photon Cannon  
  97  12:35  Immortal (Chrono Boost)  
  97  12:37  Gateway  
  97  12:38  Gateway  
  97  12:40  Immortal (Chrono Boost)  
  97  12:42  Gateway  
  97  12:44  Protoss Ground Weapons Level 3 (Chrono Boost), Protoss Ground Armor Level 3 (Chrono Boost)  
  105  12:52  High Templar x2  
  105  12:57  Protoss Shields Level 1 (Chrono Boost)  
  109  13:10  Psionic Storm, High Templar x3  
  109  13:12  Adept x3  
  119  13:18  Nexus  
  121  13:27  Pylon  
  121  13:29  Pylon  
  121  13:40  Pylon  
  125  13:41  Immortal x2  
  125  13:43  Pylon  
  125  13:45  Pylon  
  125  13:46  High Templar  
  125  13:47  High Templar  
  133  13:51  Pylon  
  133  14:05  Assimilator  
  133  14:09  Assimilator  
  133  14:12  Adept x4  
  133  14:13  Adept x6  
  153  14:25  Photon Cannon  
  153  14:27  Shield Battery  
  153  14:28  Shield Battery  
  153  14:30  Archon  
  122  14:48  Adept x6  
  122  14:49  Adept x3  
  104  14:59  Stalker x2  
  82  15:00  Stalker  
  82  15:06  Stalker x2  
  86  15:11  High Templar  
  88  15:17  Adept x5  
  94  15:23  Adept x3  
  100  15:30  Adept  
  100  15:31  Adept x2  
  102  15:37  Adept x2  
  90  15:47  Adept x3  
  90  15:48  Adept  
  94  15:53  High Templar x4  
  94  15:54  High Templar  
  104  15:57  Archon  
  104  15:58  Archon  
  104  16:00  High Templar x3  
  110  16:04  Archon  
  110  16:05  Archon  
  110  16:14  Observer x2  
  110  16:16  Stalker  
  110  16:17  Stalker x3  
  120  16:32  Stalker x4  
  126  16:33  Stalker  
  130  16:42  High Templar  
  130  16:43  High Templar x3  
  130  16:45  Stalker x2  
  142  16:47  Archon x2  
  142  17:00  Stalker x4  
  69  17:16  Stalker  
  69  17:17  Stalker x3  
Show
View Real Time Build Order
Export as new Build Order

Dessa Zerg - Winner!

Build Orders: Pool First 

Get SALT Encoding   

  12  0:01  Drone  
  13  0:13  Overlord  
  13  0:17  Drone  
  14  0:31  Drone x2  
  14  0:35  Drone  
  17  0:58  Spawning Pool  
  17  1:04  Drone x2  
  18  1:24  Drone  
  18  1:25  Extractor  
  18  1:27  Hatchery  
  17  1:33  Drone  
  17  1:34  Overlord  
  18  1:43  Drone  
  18  1:45  Queen  
  21  1:50  Zergling x2  
  22  2:03  Zergling x2  
  23  2:17  Drone, Hatchery  
  23  2:28  Queen  
  25  2:30  Drone  
  25  2:34  Drone  
  27  2:39  Metabolic Boost  
  26  2:54  Queen  
  26  2:56  Drone  
  29  3:03  Drone  
  30  3:09  Drone  
  31  3:17  Zergling x4  
  31  3:18  Drone x2  
  31  3:19  Overlord  
  35  3:23  Drone  
  36  3:29  Queen  
  38  3:42  Drone x3  
  38  3:47  Drone, Roach Warren  
  41  3:50  Extractor  
  41  3:52  Drone  
  41  4:02  Drone x3  
  44  4:03  Zergling x4  
  44  4:09  Zergling x6  
  48  4:31  Lair  
  48  4:39  Overlord x2  
  48  5:00  Roach  
  48  5:01  Roach x4  
  48  5:02  Drone x2  
  48  5:03  Drone x2  
  48  5:05  Overlord  
  62  5:17  Drone x3  
  62  5:19  Overlord  
  66  5:28  Drone x3  
  66  5:29  Drone  
  69  5:45  Roach x3  
  69  5:46  Roach x2, Zergling x4  
  69  5:48  Glial Reconstitution  
  81  5:50  Overlord  
  81  5:55  Extractor  
  81  5:56  Extractor  
  79  6:02  Evolution Chamber x2  
  79  6:03  Drone x2  
  79  6:04  Drone x2  
  81  6:14  Roach x3  
  81  6:15  Roach  
  89  6:23  Roach  
  82  6:35  Zergling x2  
  82  6:36  Zergling x14  
  90  6:41  Zerg Ground Armor Level 1, Zerg Missile Weapons Level 1  
  90  6:48  Overlord x2  
  90  7:00  Zergling x4  
  90  7:06  Overlord x3  
  90  7:08  Zergling x6  
  93  7:21  Ravager x5  
  93  7:22  Overlord x2  
  98  7:24  Overlord  
  98  7:26  Overlord  
  98  7:40  Drone x3  
  98  7:41  Drone x3  
  98  7:42  Drone x2  
  98  7:43  Drone x2  
  108  7:44  Roach x2  
  108  7:47  Hatchery  
  111  7:57  Drone x3  
  111  7:58  Drone x4, Overlord  
  118  8:05  Pneumatized Carapace  
  118  8:12  Extractor  
  117  8:13  Zergling x10  
  117  8:14  Roach x2  
  117  8:16  Extractor  
  125  8:22  Ravager  
  125  8:24  Ravager  
  125  8:25  Roach x2  
  125  8:26  Roach x4  
  139  8:28  Overlord  
  139  8:30  Overlord  
  139  8:42  Zerg Missile Weapons Level 2  
  139  8:45  Drone x2  
  139  8:46  Drone, Overlord  
  139  8:47  Drone  
  139  8:48  Drone x2  
  145  9:01  Baneling Nest  
  138  9:23  Drone  
  139  9:24  Hydralisk Den  
  139  9:25  Queen  
  139  9:26  Drone x8  
  139  9:27  Zergling x2  
  139  9:28  Zergling x6, Roach x3  
  139  9:31  Overlord  
  158  9:33  Queen  
  150  9:58  Zergling x10  
  150  9:59  Zergling x14  
  121  10:17  Hydralisk x7  
  121  10:18  Hydralisk  
  121  10:19  Muscular Augments  
  121  10:21  Baneling x6  
  137  10:22  Baneling x8, Centrifical Hooks  
  137  10:23  Baneling  
  137  10:24  Zergling x2  
  137  10:25  Zergling x2  
  139  10:31  Extractor  
  139  10:33  Extractor  
  137  10:46  Hydralisk  
  137  10:47  Zergling x2, Hydralisk  
  137  10:48  Zergling x10  
  147  11:11  Baneling x5  
  147  11:12  Baneling x3  
  147  11:13  Hydralisk x2  
  147  11:14  Roach x5, Zergling x2  
  147  11:15  Zergling x14  
  169  11:19  Hydralisk x5  
  169  11:25  Drone  
  154  12:04  Hydralisk x2  
  154  12:05  Roach x4, Hydralisk x6  
  154  12:06  Roach x6, Hydralisk x2  
  139  12:15  Hydralisk x2  
  139  12:16  Roach x3  
  138  12:28  Ravager x3  
  138  12:29  Ravager x5  
  138  12:30  Zergling x4  
  138  12:31  Zergling x14  
  147  12:37  Drone x2  
  147  12:41  Zergling x4  
  151  12:47  Hatchery  
  151  12:49  Drone x4  
  154  12:56  Baneling x8  
  154  12:57  Baneling x10, Hydralisk  
  156  12:59  Zergling x2  
  156  13:00  Zergling x20  
  167  13:07  Infestation Pit  
  166  13:13  Hydralisk  
  166  13:14  Hydralisk x4  
  176  13:28  Extractor  
  175  13:38  Hydralisk x5  
  185  13:44  Infestor x2  
  185  13:48  Infestor  
  191  13:49  Overlord x2  
  191  14:08  Zerg Ground Armor Level 2  
  191  14:09  Lurker Den  
  190  14:10  Queen  
  168  14:51  Hydralisk x2  
  168  14:52  Roach x3, Hydralisk x2, Zergling x2  
  150  14:53  Zergling x32  
  150  14:54  Zergling x2  
  154  15:11  Hydralisk x4  
  156  15:25  Hydralisk x3  
  138  15:38  Hydralisk x2  
  138  15:39  Hydralisk x7  
  138  15:41  Lurker  
  146  15:44  Lurker  
  146  15:45  Lurker  
  146  15:46  Lurker  
  147  15:50  Zergling x6  
  149  16:02  Hydralisk  
  149  16:03  Roach x3  
  157  16:18  Zergling x4, Hydralisk x4  
  158  16:19  Zergling x2  
  158  16:20  Roach x4  
  176  16:35  Zergling x2, Lurker x5  
  176  16:36  Zergling x10  
  187  16:53  Zergling x2  
Tags
 
Add a new tag
Caveats
  • Supply blocks, unpowered buildings, or Contaminate may cause inaccurate times.
  • Supply counts are checked every 10 seconds.